 Dungeon Sprint DCSS version 0.17-a0-1651-gae1a69f (webtiles) character file.

446 Kidiri the Covert (level 6, -4/28 HPs)
             Began as a Spriggan Enchanter on Aug 14, 2015.
             Was a Follower of Dithmenos.
             Killed by a malign offering
             ... invoked by a deep elf priest
              (7 damage)
             ... in the Dungeon (Sprint III: "The Ten Rune Challenge").
             The game lasted 00:04:00 (618 turns).

Kidiri the Covert (Spriggan Enchanter)               Turns: 618, Time: 00:04:00

Health: -4/28      AC:  3    Str:  4    XL:     6   Next: 73%
Magic:  0/18       EV: 26    Int: 17    God:    Dithmenos [*.....]
Gold:   27         SH:  0    Dex: 18    Spells: 7 memorised, 1 level left

rFire  + . .     SeeInvis +     a - +1 dagger
rCold  . . .     Clarity  +     b - +1 robe
rNeg   . . .     SustAt   .     (shield restricted)
rPois  .         Gourm    .     (helmet restricted)
rElec  .         Spirit   .     (no cloak)
rCorr  .         Warding  .     (gloves unavailable)
rMut   .         NoTele   +     (boots unavailable)
MR     +....                    (no amulet)
Stlth  ++++++....               (no ring)
                                e - ring of protection from fire

@: very slightly contaminated, wreathed by umbra, very quick, somewhat resistant
to hostile enchantments, very stealthy
A: unfitting armour, antennae 1, hooves 1, see invisible, clarity, herbivore 3,
speed 3, slow metabolism 2
a: Renounce Religion


You were in the Dungeon.
You worshipped Dithmenos.
Dithmenos was aware of your devotion.
You were not hungry.

You visited 1 branch You collected 27 gold pieces.

Inventory:

Hand weapons
 a - a +1 dagger (weapon)
Armour
 b - a +1 robe (worn)
Jewellery
 e - a ring of protection from fire (left hand)
Scrolls
 j - a scroll of blinking
 l - a scroll of torment
 n - 3 scrolls of remove curse
 q - a scroll of immolation
Potions
 g - a potion of haste
 h - 2 potions of magic
 i - a potion of berserk rage
 o - 3 potions of cure mutation
 r - a potion of flight
Books
 f - a book of the Tempests

   Spells                             Type                      Level
   a - Static Discharge               Conjuration/Air              3
   b - Lightning Bolt                 Conjuration/Air              5
   c - Fireball                       Conjuration/Fire             5
   d - Tornado                        Air                          9
   e - Shatter                        Earth                        9
Comestibles
 c - a royal jelly
 d - 2 bread rations


   Skills:
 + Level 5.1 Short Blades
 * Level 9.8 Dodging
 * Level 11.2 Stealth
 * Level 8.4 Spellcasting
 + Level 2.3 Conjurations
 + Level 6.6 Hexes
 + Level 3.5 Ice Magic
 + Level 0.0 Air Magic
 + Level 0.4 Invocations


You had one spell level left.
You knew the following spells:

 Your Spells              Type           Power        Failure   Level  Hunger
a - Corona                Hex            ####...      1%          1    None
b - Ensorcelled Hibernat  Hex/Ice        ###...       1%          2    None
c - Confuse               Hex            ####....     1%          3    #......
d - Tukima's Dance        Hex            ####....     1%          3    #......
e - Dazzling Spray        Conj/Hex       ###.....     6%          3    #......
f - Static Discharge      Conj/Air       ##......     21%         3    #......
g - Lightning Bolt        Conj/Air       ##........   99%         5    #####..


Dungeon Overview and Level Annotations

Branches:
Dungeon (1/1)

Altars:
Dithmenos
Elyvilon
Gozag
Kikubaaqudgha
Makhleb
Nemelex Xobeh
Qazlal
Ru
Sif Muna
Vehumet
Xom
Zin
The Shining One
Jiyva
Lugonu


Innate Abilities, Weirdness & Mutations

You are tiny and cannot use many weapons and most armour.
You have supernaturally acute eyesight.
You are a herbivore.
You cover ground extremely quickly.
You need consume almost no food.
You have a pair of small antennae on your head.
You have large cloven feet.
You possess an exceptional clarity of mind.


Message History

Pain shoots through your body!
* * * LOW HITPOINT WARNING * * *
You aren't carrying any items that can be evoked.
Unknown command.
Unknown command.
Casting: Dazzling Spray
Confirm with . or Enter, or press ? or * to list all spells.
You miscast Static Discharge.
You are very lightly contaminated with residual magic.
The air around you crackles with energy!
The deep elf priest barely misses you.
You are too injured to fight recklessly!
You are too injured to fight recklessly!
You hit the deep elf priest.
The deep elf priest is lightly wounded.
You barely miss the deep elf priest.
The deep elf priest is lightly wounded.
The deep elf priest utters a dark prayer and points at you.
Your life force is offered up.
You die...

▓▓▓▓▓▓▓▓ ▓▓▓ .+...♣.♣
♣.##### .#.....♣ ♣.#___#
##.....♣ ♣♣.#.e.#
.#....≈♣♣♣♣..###@#+###+##
.#...≈≈...♣..#..........#
(#..≈≈≈≈.♣♣..+.⌠........#
'#..≈≈≈≈≈≈...#...######+#
.#.≈≈≈≈≈≈....#.⌠.#__#...#
.#.≈≈≈≈≈.....#...#__#...#
.#.≈≈≈.......#+###__#...#
##...........#.).#__#...+
.............#___#_.+...#


You could see a deep elf priest.

Vanquished Creatures
  A shadow (D)
  A spatial vortex (D)
  A water elemental (D)
  A jelly (D)
  A wizard (D)
  A wolf (D)
  A kobold demonologist (D)
  A human (D)
  2 oozes (D)
  2 rats (D)
12 creatures vanquished.

Vanquished Creatures (others)
  2 draconian scorchers (D)
  A yaktaur (D)
3 creatures vanquished.

Grand Total: 15 creatures vanquished

Notes
Turn   | Place    | Note
--------------------------------------------------------------
     0 | D        | Kidiri the Spriggan Enchanter began the quest for the Orb.
     0 | D        | Reached XP level 1. HP: 9/9 MP: 5/5
     9 | D        | Reached skill level 5 in Stealth
    18 | D        | Reached XP level 2. HP: 11/13 MP: 5/7
    22 | D        | Learned a level 2 spell: Ensorcelled Hibernation
   190 | D        | Reached skill level 6 in Stealth
   190 | D        | Reached skill level 1 in Ice Magic
   190 | D        | Reached XP level 3. HP: 13/16 MP: 3/9
   195 | D        | Learned a level 3 spell: Confuse
   199 | D        | Learned a level 3 spell: Tukima's Dance
   220 | D        | Killed a white draconian scorcher
   231 | D        | Killed a white draconian scorcher
   256 | D        | Noticed a wolf
   263 | D        | Killed a wolf
   263 | D        | Reached skill level 5 in Dodging
   263 | D        | Reached skill level 7 in Stealth
   283 | D        | Gained mutation: You have a pair of small antennae on your head. [potion of mutation]
   283 | D        | Gained mutation: You possess an exceptional clarity of mind. [potion of mutation]
   284 | D        | Gained mutation: Your muscles are strong. (Str +2) [potion of mutation]
   284 | D        | Gained mutation: You have large cloven feet. [potion of mutation]
   284 | D        | Lost mutation: Your muscles are strong. (Str +2) [potion of mutation]
   304 | D        | Noticed a water elemental
   307 | D        | Killed a water elemental
   307 | D        | Reached skill level 8 in Stealth
   307 | D        | Reached skill level 5 in Spellcasting
   307 | D        | Reached skill level 5 in Hexes
   307 | D        | Reached XP level 4. HP: 21/21 MP: 10/12
   337 | D        | Learned a level 3 spell: Dazzling Spray
   403 | D        | Killed a yaktaur
   431 | D        | Noticed a jelly
   432 | D        | Noticed a shadow
   434 | D        | Killed a shadow
   434 | D        | Reached skill level 10 in Stealth
   434 | D        | Reached skill level 1 in Conjurations
   434 | D        | Reached XP level 5. HP: 24/24 MP: 12/15
   438 | D        | Killed a jelly
   438 | D        | Reached XP level 6. HP: 28/28 MP: 12/17
   443 | D        | Found a stormy altar of Qazlal.
   444 | D        | Found a sacrificial altar of Ru.
   444 | D        | Found a burning altar of Makhleb.
   444 | D        | Found a viscous altar of Jiyva.
   444 | D        | Found a shimmering altar of Xom.
   444 | D        | Found a shadowy altar of Dithmenos.
   444 | D        | Found a sparkling altar of Nemelex Xobeh.
   444 | D        | Found a corrupted altar of Lugonu.
   444 | D        | Found an opulent altar of Gozag.
   444 | D        | Noticed a spatial vortex
   447 | D        | Killed a spatial vortex
   447 | D        | Reached skill level 5 in Short Blades
   447 | D        | Reached skill level 11 in Stealth
   449 | D        | Became a worshipper of Dithmenos the Shadowed
   474 | D        | Found a radiant altar of Vehumet.
   475 | D        | Found a deep blue altar of Sif Muna.
   475 | D        | Found an ancient bone altar of Kikubaaqudgha.
   475 | D        | Noticed a wizard
   476 | D        | Killed a wizard
   478 | D        | Noticed a sixfirhy
   497 | D        | Learned a level 3 spell: Static Discharge
   503 | D        | Learned a level 5 spell: Lightning Bolt
   607 | D        | Found a glowing silver altar of Zin.
   608 | D        | Found a glowing golden altar of the Shining One.
   608 | D        | Found a white marble altar of Elyvilon.
   608 | D        | Noticed a deep elf priest
   618 | D        | Killed from afar by a deep elf priest

Vault maps used:
D:        dungeon_sprint_mu

Action                   |  1- 3 |  4- 6 || total
-------------------------+-------+-------++-------
Melee: Dagger            |    20 |    11 ||    31
 Cast: Ensorcelled Hiber |     2 |     4 ||     6
       Dazzling Spray    |       |     5 ||     5
       Confuse           |       |     1 ||     1
  Use: Potion            |     3 |     2 ||     5
       Scroll            |     4 |       ||     4
 Stab: Sleeping          |     6 |     4 ||    10
       Invisible         |       |     1 ||     1
